 Dungeon Crawl Stone Soup version 0.28.0-53-g5a82cb258f (webtiles) character file.

Game seed: 5957561191092643920

24 DildoBatman the Conjurer (level 3, 0/26 HPs)
             Began as a Formicid Conjurer on July 12, 2022.
             Slain by an adder (2 damage)
             ... on level 2 of the Dungeon.
             The game lasted 00:02:31 (990 turns).

DildoBatman the Conjurer (Formicid Conjurer)         Turns: 990, Time: 00:02:31

Health: 0/26       AC:  2    Str: 11    XL:     3   Next: 15%
Magic:  0/6        EV: 12    Int: 17    God:
Gold:   41         SH:  0    Dex: 11    Spells: 4/7 levels left

rFire   . . .      SeeInvis +   (no weapon)
rCold   . . .      Faith    .   (no shield)
rNeg    . . .      Spirit   .   a - +0 robe
rPois   .          Reflect  .   (helmet unavailable)
rElec   .          Harm     .   (no cloak)
rCorr   .          Rampage  .   (no gloves)
Will    .....                   (no boots)
Stlth   ++........              (no amulet)
HPRegen 0.08/turn               (no ring)
MPRegen 0.10/turn               (no ring)

@: no status effects
A: permanent stasis, dig shafts and tunnels, antennae 3, four strong arms
a: Dig, Shaft Self


You were on level 2 of the Dungeon.
You visited 1 branch of the dungeon, and saw 2 of its levels.

You collected 41 gold pieces.

Inventory:

Missiles
 b - 47 arrows
 c - 31 stones
Armour
 a - a +0 robe (worn)
Scrolls
 d - 2 scrolls of identify {unknown}
 e - a scroll of fog {unknown}
 f - a scroll of magic mapping {unknown}
 h - a scroll of vulnerability {unknown}
Potions
 g - a potion of haste


   Skills:
 * Level 1.1 Fighting
 * Level 1.1 Armour
 - Level 2.0 Dodging
 - Level 2.4 Stealth
 * Level 2.5 Spellcasting
 * Level 3.8 Conjurations


You had 4 spell levels left.
You knew the following spells:

 Your Spells              Type           Power      Damage    Failure   Level
a - Searing Ray           Conj           30%        2d5       6%          2
c - Magic Dart            Conj           60%        1d6       3%          1

Your spell library contained the following spells:

 Spells                   Type           Power      Damage    Failure   Level
 Dazzling Flash           Conj/Hex       16%        N/A       26%         3
 Fulminant Prism          Conj/Hex       4%         3d6       63%         4
 Iskenderun's Mystic Bla  Conj/Tloc      8%         2d4       63%         4


Dungeon Overview and Level Annotations

Branches:
Dungeon (2/15)

Altars:

Shops:
D:1 :

Annotations:
D:2 exclusion: phantom


Innate Abilities, Weirdness & Mutations

You cannot be hasted, slowed, berserked, paralysed or teleported.
You can dig through walls and to a lower floor.
You have a pair of large antennae on your head. (SInv)
Your four strong arms can wield two-handed weapons with a shield.


Message History

You feel sick.
You are no longer poisoned.
Casting: Magic Dart (safe; 3% risk of failure)
Confirm with . or Enter, or press ? or * to list all spells.
Aiming: Magic Dart (safe; 3% risk of failure)
Press: ? - help, Shift-Dir - straight line, f/p - adder
Aim: an adder (moderately wounded, 100% to hit)
The magic dart hits the adder but does no damage.
The adder is moderately wounded.
The adder bites you.
It was a potion of haste.
Your stasis prevents you from being hasted.
The adder barely misses you. The adder bites you but does no damage.
The adder barely misses you.
There is a stone staircase leading down here.
The adder completely misses you. The adder barely misses you.
The adder bites you.
Casting: Magic Dart (safe; 3% risk of failure)
Confirm with . or Enter, or press ? or * to list all spells.
Aiming: Magic Dart (safe; 3% risk of failure)
Press: ? - help, Shift-Dir - straight line, f/p - adder
Aim: an adder (lightly wounded, 100% to hit)
The magic dart hits the adder.
The adder is heavily wounded.
The adder bites you. The adder bites you but does no damage.
Casting: Magic Dart (safe; 3% risk of failure)
Confirm with . or Enter, or press ? or * to list all spells.
Aiming: Magic Dart (safe; 3% risk of failure)
Press: ? - help, Shift-Dir - straight line, f/p - adder
Aim: an adder (heavily wounded, 100% to hit)
The magic dart hits the adder.
The adder is severely wounded.
The adder closely misses you. The adder bites you but does no damage.
There is a stone staircase leading down here.
The adder bites you.
You die...

W###.# ..#.# #.#.#
#.#.# #.#.# ##.#.#
##....# ##.#.#S##
#######.##>#@.#
...........#..#
###########.####..#
...........†.##...###
###########.#...#...#
#.###...#.# #.#
#####.# #.# #.# #.#
#.#


You could see an adder.

Vanquished Creatures
  An adder (D:2)
  2 endoplasms
  3 giant cockroaches
  2 hobgoblins (D:1)
  A quokka (D:1)
  A ball python (D:1)
  2 frilled lizards
  3 rats
15 creatures vanquished.

Notes
Turn   | Place    | Note
-------+----------+-------------------------------------------
     0 | D:1      | DildoBatman the Formicid Conjurer began the quest for the
                  | Orb.
     0 | D:1      | Reached XP level 1. HP: 13/13 MP: 3/3
   339 | D:1      | Reached XP level 2. HP: 14/20 MP: 1/5
   342 | D:1      | Learned a level 2 spell: Searing Ray
   619 | D:1      | Found Hilighic's Book Emporium.
   676 | D:1      | Found a faded altar of an unknown god.
   791 | D:2      | Reached skill level 1 in Fighting
   791 | D:2      | Reached skill level 1 in Armour
   791 | D:2      | Reached XP level 3. HP: 26/26 MP: 2/6
   891 | D:2      | Noticed a phantom
   982 | D:2      | HP: 1/26 [adder (1)]
   990 | D:2      | Slain by an adder

Illustrated notes

Levels and vault maps discovered:
D:1:      dpeg_arrival_lava_temple_mockup, layout_loops_ring,
          shapermc_ecumenical_altar_mp_vishouse, serial_shops,
          nicolae_lakefront_shop
D:2:      layout_loops_ring, chequers_mini_garden, solitary_fountain,
          patterned_corridor

Skill      XL: |  1  2 |
---------------+-------+-----
Dodging        | 2 |  2.0
Fighting       | 1 |  1.1
Armour         | 1 |  1.1
Stealth        | |  2.4
Spellcasting   | |  2.5
Conjurations   | |  3.8

Action                   || total
-------------------------++-------
Melee: Unarmed           ||    18
 Cast: Magic Dart        ||    41
  Use: Potion            ||     1
 Stab: Sleeping          ||     3
Armor: Robe              ||     8
Dodge: Dodged            ||    27
